 Dungeon Crawl Stone Soup version 0.21.1-1-g345015f (webtiles) character file.

361 theblackcape the Poker (level 6, 0/47 HPs)
             Began as a Gnoll Wanderer on June 18, 2018.
             Slain by a leopard gecko (3 damage)
             ... on level 4 of the Dungeon.
             The game lasted 00:10:45 (3477 turns).

theblackcape the Poker (Gnoll Wanderer)             Turns: 3477, Time: 00:10:46

Health: 0/47       AC:  3    Str: 14    XL:     6   Next: 66%
Magic:  1/14       EV: 13    Int: 18    God:
Gold:   206        SH:  0    Dex: 15    Spells: 11/15 levels left

rFire    . . .     SeeInvis .   a - +2 spear
rCold    . . .     Gourm    .   (no shield)
rNeg     . . .     Faith    .   d - +0 robe
rPois    +         Spirit   .   (no helmet)
rElec    .         Reflect  .   (no cloak)
rCorr    .         Harm     .   e - +0 pair of gloves
MR       .....                  (no boots)
Stlth    ++........             (no amulet)
HPRegen  0.15/turn              j - ring of poison resistance
MPRegen  0.14/turn              q - +2 ring of intelligence

@: very slightly contaminated
A: distributed training, fangs 1, strong nose
a: no special abilities


You were on level 4 of the Dungeon.
You were near starving.

You visited 2 branches of the dungeon, and saw 5 of its levels.

You collected 206 gold pieces.

Inventory:

Hand Weapons
 a - a +2 spear (weapon)
 p - a +0 hunting sling
Missiles
 r - 96 stones (quivered)
Armour
 d - a +0 robe (worn)
 e - a +0 pair of gloves (worn)
Jewellery
 j - a ring of poison resistance (left hand)
 q - a +2 ring of intelligence (right hand)
Scrolls
 h - a scroll of remove curse
 l - a scroll of enchant armour {unknown}
 m - a scroll of amnesia {unknown}
 n - 3 scrolls of teleportation {unknown}
 s - a scroll of blinking {unknown}
Potions
 c - a potion of magic
 g - a potion of cancellation
 i - a potion of lignification
 k - 2 potions of brilliance
 o - a potion of resistance {unknown}
 v - 2 potions of curing
Books
 b - the Papyrus of Pathos

   Spells                             Type                      Level
   a - Sandblast                      Earth                        1
   b - Stone Arrow                    Conjuration/Earth            3
Comestibles
 f - 6 rations


   Skills:
 + Level 3.3 Fighting
 + Level 2.0 Short Blades
 + Level 2.0 Long Blades
 + Level 2.0 Axes
 + Level 2.0 Maces & Flails
 + Level 6.8 Polearms
 + Level 2.0 Staves
 + Level 2.0 Slings
 + Level 2.0 Bows
 + Level 2.0 Crossbows
 + Level 3.3 Throwing
 + Level 2.0 Armour
 + Level 3.3 Dodging
 + Level 2.0 Stealth
 + Level 2.0 Shields
 + Level 2.0 Unarmed Combat
 + Level 5.4 Spellcasting
 + Level 1.6 Conjurations
 + Level 1.6 Hexes
 + Level 1.6 Charms
 + Level 1.6 Summonings
 + Level 1.6 Necromancy
 + Level 1.6 Translocations
 + Level 2.6 Transmutations
 + Level 1.6 Fire Magic
 + Level 1.6 Ice Magic
 + Level 1.6 Air Magic
 + Level 1.6 Earth Magic
 + Level 1.6 Poison Magic
 + Level 2.2 Invocations
 + Level 3.3 Evocations


You had 11 spell levels left.
You knew the following spells:

 Your Spells              Type           Power        Failure   Level  Hunger
a - Sandblast             Erth           ##....       7%          1    None
b - Stone Arrow           Conj/Erth      ##....       21%         3    ##.....


Dungeon Overview and Level Annotations

Branches:
Dungeon (4/15)             Temple (1/1) D:4

Altars:
Hepliaklqana
Qazlal
Ru
Sif Muna
Vehumet
Yredelemnul


Innate Abilities, Weirdness & Mutations

Your experience applies equally to all skills.
You have very sharp teeth.
Your uncanny sense of smell can sniff out nearby items.


Message History

The leopard gecko completely misses you.
Casting: Sandblast
Confirm with . or Enter, or press ? or * to list all spells.
Aiming: Stone Arrow
Press: ? - help, Shift-Dir - straight line, f - orc
Aim: an orc, wielding a club and wearing a leather armour (heavily wounded)
The stone arrow hits the orc.
You kill the orc!
The orc wizard gestures wildly while chanting.
The orc wizard flickers and vanishes!
Deactivating autopickup; reactivate with Ctrl-A.
The leopard gecko bites you.
* * * LOW HITPOINT WARNING * * *
The orc barely misses you.
Casting: Stone Arrow
Confirm with . or Enter, or press ? or * to list all spells.
Aiming: Stone Arrow
Press: ? - help, Shift-Dir - straight line Something barely misses you.
The leopard gecko bites you.
You die...

.#........#.......#
.##......##.......#
.# ......#######'##
.# #.......# ..#
#.......# ..#
#.......# ..#
#.......# ..+
#.......# .##
#...).)@# #.....l{#
##....o.# #......#
+.......# #.......#
#.......# #.......#
#.......#


You could see an orc and a leopard gecko.

Vanquished Creatures
  An ogre (D:4)
  2 orc wizards
  2 worker ants (D:4)
  A worker ant zombie (D:4)
  4 adders
  An adder skeleton (D:4)
  7 worms
  A dart slug (D:3)
  6 leopard geckos
  5 orcs
  11 bats
  3 giant cockroaches
  12 goblins
  4 hobgoblins
  5 jackals
  2 quokkas
  4 ball pythons (D:1)
  2 frilled lizards
  5 kobolds
  11 rats
  A spectral orc (D:3)
90 creatures vanquished.

Notes
Turn   | Place    | Note
-------+----------+-------------------------------------------
     0 | D:1      | theblackcape the Gnoll Wanderer began the quest for the Orb.
     0 | D:1      | theblackcape set off with: a +2 spear, the Papyrus of Pathos, a potion of curing, a +0 robe, a ration
     0 | D:1      | Reached XP level 1. HP: 17/17 MP: 6/6
     2 | D:1      | Learned a level 1 spell: Sandblast
    39 | D:1      | Reached XP level 2. HP: 14/23 MP: 7/7
   458 | D:1      | Reached XP level 3. HP: 28/28 MP: 9/9
   464 | D:1      | Reached skill level 5 in Spellcasting
   650 | D:2      | Reached skill level 1 in Invocations
   696 | D:2      | Reached skill level 1 in Short Blades
   696 | D:2      | Reached skill level 1 in Long Blades
   696 | D:2      | Reached skill level 1 in Axes
   696 | D:2      | Reached skill level 1 in Maces & Flails
   696 | D:2      | Reached skill level 1 in Staves
   696 | D:2      | Reached skill level 1 in Slings
   696 | D:2      | Reached skill level 1 in Bows
   696 | D:2      | Reached skill level 1 in Crossbows
   696 | D:2      | Reached skill level 1 in Armour
   696 | D:2      | Reached skill level 1 in Stealth
   696 | D:2      | Reached skill level 1 in Shields
   696 | D:2      | Reached skill level 1 in Unarmed Combat
   696 | D:2      | Reached XP level 4. HP: 26/34 MP: 11/11
   854 | D:2      | Found a hazy altar of Hepliaklqana.
  1419 | D:2      | You fall through a shaft for 2 floors!
  1419 | D:4      | Found a staircase to the Ecumenical Temple.
  1427 | Temple   | Entered the Ecumenical Temple
  1469 | D:4      | Reached skill level 1 in Conjurations
  1469 | D:4      | Reached skill level 1 in Hexes
  1469 | D:4      | Reached skill level 1 in Charms
  1469 | D:4      | Reached skill level 1 in Summonings
  1469 | D:4      | Reached skill level 1 in Necromancy
  1469 | D:4      | Reached skill level 1 in Translocations
  1469 | D:4      | Reached skill level 1 in Fire Magic
  1469 | D:4      | Reached skill level 1 in Ice Magic
  1469 | D:4      | Reached skill level 1 in Air Magic
  1469 | D:4      | Reached skill level 1 in Earth Magic
  1469 | D:4      | Reached skill level 1 in Poison Magic
  1775 | D:4      | Reached XP level 5. HP: 40/40 MP: 12/12
  2300 | D:3      | Reached XP level 6. HP: 25/47 MP: 8/13
  2496 | D:3      | Learned a level 3 spell: Stone Arrow
  2727 | D:3      | Found a basalt altar of Yredelemnul.
  3477 | D:4      | Slain by a leopard gecko

Skill      XL: |  1  2  3  4  5  6 |
---------------+-------------------+-----
Transmutations | 2 |  2.6
Spellcasting   | 5 |  5.4
Invocations    | 1 2 |  2.2
Short Blades   | 1 2 |  2.0
Long Blades    | 1 2 |  2.0
Axes           | 1 2 |  2.0
Maces & Flails | 1 2 |  2.0
Staves         | 1 2 |  2.0
Slings         | 1 2 |  2.0
Bows           | 1 2 |  2.0
Crossbows      | 1 2 |  2.0
Armour         | 1 2 |  2.0
Stealth        | 1 2 |  2.0
Shields        | 1 2 |  2.0
Unarmed Combat | 1 2 |  2.0
Conjurations   | 1 |  1.6
Hexes          | 1 |  1.6
Charms         | 1 |  1.6
Summonings     | 1 |  1.6
Necromancy     | 1 |  1.6
Translocations | 1 |  1.6
Fire Magic     | 1 |  1.6
Ice Magic      | 1 |  1.6
Air Magic      | 1 |  1.6
Earth Magic    | 1 |  1.6
Poison Magic   | 1 |  1.6
Fighting       | 3 |  3.3
Throwing       | 3 |  3.3
Dodging        | 3 |  3.3
Evocations     | 3 |  3.3
Polearms       | |  6.8

Action                   |  1- 3 |  4- 6 || total
-------------------------+-------+-------++-------
Melee: Spear             |    89 |   191 ||   280
       Bite              |     5 |    20 ||    25
       Punch             |       |     2 ||     2
 Cast: Sandblast         |       |    19 ||    19
       Stone Arrow       |       |     7 ||     7
  Use: Scroll            |       |    10 ||    10
       Potion            |       |     1 ||     1
 Stab: Sleeping          |     2 |     8 ||    10
  Eat: Chunk             |       |     7 ||     7
Armor: Robe              |    11 |    28 ||    39
Dodge: Dodged            |    46 |   103 ||   149
